 Dungeon Crawl Stone Soup version 0.26.1-11-gd32895ea62 (webtiles) character file.

Game seed: 3671745469419846669

926 Descartes the Ruffian (level 7, 0/67 HPs)
             Began as a Troll Hunter on June 6, 2021.
             Killed by divine providence
             ... invoked by an orc priest
              (12 damage)
             ... on level 5 of the Dungeon.
             The game lasted 00:05:52 (3554 turns).

Descartes the Ruffian (Troll Hunter)                Turns: 3554, Time: 00:05:53

Health: 0/67       AC:  6    Str: 28    XL:     7   Next: 85%
Magic:  7/7        EV: 10    Int:  7    God:
Gold:   275        SH:  0    Dex: 11    Spells: 4/7 levels left

rFire    . . .     SeeInvis +     - Unarmed
rCold    . . .     Faith    .   (no shield)
rNeg     . . .     Spirit   .   b - +0 robe
rPois    .         Reflect  .   (helmet restricted)
rElec    .         Harm     .   (no cloak)
rCorr    .         Rampage  .   (gloves unavailable)
Will     .....                  (boots unavailable)
Stlth    +.........             (no amulet)
HPRegen  0.61/turn              e - ring of see invisible
MPRegen  0.10/turn              o - +6 ring of strength

@: no status effects
A: large, unfitting armour, claws 3, regeneration 1, shaggy fur 1, tough skin 3
a: no special abilities


You were on level 5 of the Dungeon.
You visited 2 branches of the dungeon, and saw 6 of its levels.

You collected 275 gold pieces.

Inventory:

Hand Weapons
 s - a +2 short sword of flaming
 z - a +0 vampiric trident
Missiles
 a - 2 curare-tipped darts
 c - 9 large rocks (quivered)
 d - 2 throwing nets
 f - 102 stones
 i - 52 poisoned darts
 t - a boomerang
Armour
 b - a +0 robe (worn)
Jewellery
 e - a ring of see invisible (left claw)
 g - an uncursed ring of poison resistance
 o - a +6 ring of strength (right claw)
 u - an uncursed ring of protection from fire
Wands
 A - a wand of disintegration (26)
Scrolls
 j - 2 scrolls of enchant armour {unknown}
 l - 4 scrolls of remove curse {unknown}
 p - a scroll of noise {unknown}
 q - 9 scrolls of identify {unknown}
 v - 3 scrolls of teleportation {unknown}
 w - a scroll of fog {unknown}
 x - a scroll of fear {unknown}
 y - a scroll of blinking {unknown}
 C - 3 scrolls of immolation {unknown}
Potions
 h - 3 potions of curing {unknown}
 k - a potion of lignification {unknown}
 m - a potion of attraction {unknown}
 n - a potion of brilliance {unknown}
 r - a potion of flight {unknown}
 B - a potion of magic {unknown}


   Skills:
 + Level 3.0 Fighting
 + Level 4.6 Throwing
 + Level 3.0 Dodging
 + Level 0.5 Stealth
 + Level 6.3 Unarmed Combat
 + Level 0.7 Spellcasting
 + Level 0.8 Hexes
 + Level 0.1 Evocations


You had 4 spell levels left.
You knew the following spells:

 Your Spells              Type           Power        Failure   Level
a - Confusing Touch       Hex            1%           67%         3

Your spell library contained the following spells:

 Spells                   Type           Power        Failure   Level
 Corona                   Hex            1%           30%         1
 Ensorcelled Hibernation  Hex/Ice        0%           50%         2
 Tukima's Dance           Hex            1%           67%         3
 Dazzling Flash           Conj/Hex       0%           73%         3


Dungeon Overview and Level Annotations

Branches:
Dungeon (5/15)             Temple (1/1) D:4

Altars:
Ashenzari
Cheibriados
Dithmenos
Fedhas
Gozag
Hepliaklqana
Nemelex Xobeh
Okawaru
Ru
Sif Muna
Trog
Uskayaw
Wu Jian
Xom
Yredelemnul
Zin
The Shining One


Innate Abilities, Weirdness & Mutations

You are too large for most types of armour.
You have claws for hands.
Your natural rate of healing is unusually fast.
You are covered in fur. (AC +1)
You have extremely tough skin. (AC +3)


Message History

You scratch the orc priest.
The orc priest is heavily wounded.
You completely miss the orc wizard.
The orc hits you from afar with a +0 trident.
* * * LOW HITPOINT WARNING * * *
The orc priest hits you with a +0 club.
* * * LOW HITPOINT WARNING * * *
The orc wizard hits you but does no damage.
You mangle the orc wizard!!
You kill the orc wizard!
You hear a shout!
An orc priest comes into view. It is wielding a +0 mace.
The orc closely misses you.
The orc priest calls upon Beogh to heal the orc.
The orc's wounds heal themselves!
You claw the orc priest!
You kill the orc priest!
The orc priest mumbles some strange prayers to Beogh against you.
Beogh smites you!
You die...

#.##.# .
#.##.# .#
#.##.# #.#
#.##.##.#
#<.....##
#..#.#.o#
#....#.#
##..$#)#
#...)@#
##..#.#
#..#.o#
#.......
#........#
#.[.≈≈≈....
...≈≈≈≈≈....
##..≈≈♣≈≈..##
#..≈≈≈≈≈..#


You could see an orc priest and an orc.

Vanquished Creatures
  Sigmund (D:2)
  A sky beast (D:4)
  A centaur (D:4)
  An ogre (D:4)
  3 orc wizards
  2 orc priests
  3 hounds
  Jessica (D:3)
  An iguana (D:5)
  A worker ant (D:4)
  A howler monkey skeleton (D:4)
  Robin (D:3)
  4 gnolls (D:3)
  4 adders
  A shadow imp (D:5)
  A white imp (D:5)
  3 worms (D:3)
  The ghost of kandel6 the Sneak, a weakling GrDe (D:4)
  3 leopard geckos
  14 orcs
  6 giant cockroaches
  14 goblins
  11 hobgoblins
  7 jackals
  2 quokkas (D:3)
  7 bats
  3 frilled lizards
  7 kobolds
  12 rats
117 creatures vanquished.

Notes
Turn   | Place    | Note
-------+----------+-------------------------------------------
     0 | D:1      | Descartes the Troll Hunter began the quest for the Orb.
     0 | D:1      | Reached XP level 1. HP: 19/19 MP: 0/0
    72 | D:1      | Reached skill level 1 in Unarmed Combat
    92 | D:1      | Reached XP level 2. HP: 27/27 MP: 1/1
   211 | D:1      | Reached skill level 2 in Unarmed Combat
   691 | D:2      | Reached XP level 3. HP: 33/33 MP: 2/2
   836 | D:2      | Reached skill level 3 in Unarmed Combat
  1067 | D:2      | Noticed Sigmund
  1083 | D:2      | Killed Sigmund
  1084 | D:2      | Reached skill level 5 in Unarmed Combat
  1084 | D:2      | Reached XP level 4. HP: 25/41 MP: 3/3
  1084 | D:2      | Reached XP level 5. HP: 30/48 MP: 4/4
  1420 | D:3      | Found a faded altar of an unknown god.
  1420 | D:3      | Noticed Jessica
  1430 | D:3      | Killed Jessica
  1526 | D:3      | Reached XP level 6. HP: 27/57 MP: 5/5
  1535 | D:3      | HP: 2/57 [orc/+2 short sword of flaming (2)]
  1664 | D:3      | Noticed Robin
  1677 | D:3      | Killed Robin
  2092 | D:3      | Found a glowing silver altar of Zin.
  2190 | D:4      | Reached skill level 6 in Unarmed Combat
  2190 | D:4      | Reached XP level 7. HP: 28/66 MP: 6/6
  2387 | D:4      | Learned a level 3 spell: Confusing Touch
  2460 | D:4      | Found a runed translucent door.
  2465 | D:4      | Noticed kandel6's ghost (weakling GrDe)
  2905 | D:4      | Found a staircase to the Ecumenical Temple.
  3007 | D:4      | Found a glowing golden altar of the Shining One.
  3127 | D:4      | Killed kandel6's ghost
  3236 | Temple   | Entered the Ecumenical Temple
  3501 | D:5      | Entered Level 5 of the Dungeon
  3554 | D:5      | Killed from afar by an orc priest

Illustrated notes

Levels and vault maps discovered:
D:1:      lightli_arrival_isolated_outpost, layout_loops_cross, glass_columns_a
D:2:      layout_basic, uniq_sigmund
D:3:      layout_rooms, lemuel_round_altar, chequers_ecumenical_altar_island,
          uniq_jessica, uniq_robin
D:4:      layout_loops_ring, minmay_temple_entry_statues_fountains,
          ebering_ghost_reflecting_pool, nicolae_tso_swordbearing_angel
D:5:      minmay_angry_zag, layout_loops_ring, elyvilon_altar_3,
          ebering_ghost_rock_garden, basic_altar
Temple:   eino_temple_scatter_basement

Skill      XL: |  1  2  3  4  5  6  7 |
---------------+----------------------+-----
Unarmed Combat | 1 2 5 6 |  6.3
Fighting       | 2 3 |  3.0
Dodging        | 2 3 |  3.0
Throwing       | 4 |  4.6
Stealth        | |  0.5
Spellcasting   | |  0.7
Hexes          | |  0.8
Evocations     | |  0.1

Action                   |  1- 3 |  4- 6 |  7- 9 || total
-------------------------+-------+-------+-------++-------
Melee: Unarmed           |   132 |   156 |    75 ||   363
       Short sword       |     4 |       |       ||     4
       Punch             |     1 |     4 |     4 ||     9
 Stab: Sleeping          |       |     1 |     1 ||     2
Armor: Robe              |    75 |    48 |    21 ||   144
Dodge: Dodged            |    84 |    73 |    41 ||   198
